AoeStats
← Lord Malbec

Arena

510400913Analyzed
2v2 RM · 1d ago on Sep 30, 2026· 54m 44s· 4 players
Game mode
Random Map
Map size
Medium (4 player)
Population
200
Speed
Normal
Resources
Standard
Victory
Conquest
Starting age
Dark Age
Ending age
Imperial Age
RankedLock teamsTeams togetherTeam positionsShared explorationLock speedFull tech treeHidden civsTurbo modeCheats
Victory
Defeat
🇹🇷 Teutons · Türkiye
817
+15
🇹🇷 Tupi · Türkiye
801
+15
🇦🇷 Burgundians · Argentina
852
-18
🇩🇰 Britons · Denmark
721
-12
Kato
12:32 Feudal Age
10:48 Loom
13:00 Double-Bit Axe
12:58 Horse Collar
18:51 Castle Age
18:14 Wheelbarrow
19:21 Fletching
19:32 Padded Archer Armor
19:50 Crossbowman
23:07 Hand Cart
23:10 Bodkin Arrow
23:30 Leather Archer Armor
24:55 Man-at-Arms
36:15 Imperial Age
35:22 Leather Archer Armor
38:31 Arbalester
40:24 Hoardings
40:24 Bracer
40:54 Ring Archer Armor
42:05 Yeomen
42:17 Elite Skirmisher
43:58 Heavy Mounted Crossbowman
44:03 Cranequins
47:21 Elite Longbowman
Lord Malbec
8:41 Wheelbarrow
15:12 Loom
17:01 Feudal Age
15:29 Horse Collar
15:42 Gold Mining
15:44 Stone Mining
15:43 Double-Bit Axe
18:54 Hand Cart
19:59 Gold Shaft Mining
19:46 Bow Saw
20:19 Heavy Plow
20:09 Town Watch
23:31 Castle Age
23:23 Forging
25:43 Cavalier
28:38 Burgundian Vineyards
29:26 Husbandry
33:09 Town Patrol
35:45 Fortified Wall
35:47 Masonry
35:30 Fletching
36:16 Iron Casting
35:41 Scale Mail Armor
35:47 Scale Barding Armor
35:50 Pikeman
36:42 Bodkin Arrow
37:17 Treadmill Crane
44:44 Imperial Age
43:30 Ballistics
43:33 Chain Barding Armor
44:35 Stone Shaft Mining
44:38 Crop Rotation
45:08 Halberdier
46:15 Squires
46:43 Chain Mail Armor
50:00 Blast Furnace
fizyooGO
10:29 Feudal Age
15:27 Castle Age
15:23 Double-Bit Axe
21:01 Loom
23:10 Horse Collar
26:02 Bow Saw
25:58 Gold Mining
35:17 Imperial Age
33:23 Wheelbarrow
33:53 Heavy Plow
34:06 Bloodlines
35:46 Scale Barding Armor
35:52 Forging
35:33 Cavalier
37:59 Padded Archer Armor
38:21 Chain Barding Armor
39:28 Hand Cart
39:56 Plate Barding Armor
39:57 Iron Casting
39:57 Scale Mail Armor
39:50 Fletching
41:07 Chemistry
39:57 Paladin
40:42 Stone Mining
43:10 Blast Furnace
42:45 Ballistics
43:05 Scale Mail Armor
43:50 Ironclad
45:01 Conscription
45:19 Elite Skirmisher
46:58 Bodkin Arrow
47:21 Arrowslits
Usman
12:34 Feudal Age
16:53 Castle Age
14:41 Double-Bit Axe
15:55 Horse Collar
16:21 Stone Mining
17:44 Bow Saw
18:59 Heavy Plow
22:36 Ballistics
23:13 Padded Archer Armor
23:04 Fletching
29:22 Imperial Age
27:58 Squires
27:47 Arson
28:50 Pikeman
31:26 Chemistry
32:50 Wheelbarrow
36:11 Leather Archer Armor
35:54 Bodkin Arrow
38:14 Elite Blackwood Archer
39:27 Hand Cart
38:53 Elite Skirmisher
42:27 Halberdier
43:59 Curare
44:28 Ring Archer Armor
47:32 Capped Ram
49:49 Two-Man Saw
49:41 Siege Ram
Connection lost

Rejoining the realm…

Still unreachable

The connection could not be restored.

Session expired

The server has moved on; the page needs a fresh start.